[ PARTIDA AOE2 · #504569954 ]
UnrankedMaya vs Mongols
Equipo del jugador · DERR
Equipo rival · VICT
[ ANÁLISIS DE REPETICIÓN · EXTRAÍDO DE LA PARTIDA GRABADA ]
Feudal
9:48
Castillos
22:07
Imperial
40:42
| APM promedio | 71.4 |
| APM pico | 119 |
| eAPM promedio | 40.6 |
| Aldeanos / militares | 248 / 234 |
Foco
⚔️ 41.5% · 🌾 58.5%
Skirmisher ×85 · Archer ×71 · Eagle Scout ×45 · Plumed Archer ×16 · Trebuchet (Packed) ×8 · Mangonel ×7
Feudal
11:21
Castillos
23:07
Imperial
40:12
| APM promedio | 41.3 |
| APM pico | 67 |
| eAPM promedio | 22.9 |
| Aldeanos / militares | 158 / 233 |
Foco
⚔️ 43.8% · 🌾 56.2%
Mangudai ×80 · Skirmisher ×80 · Scout Cavalry ×53 · Mangonel ×6 · Trebuchet (Packed) ×5 · Archer ×4
Mapa de la partida
Recursos iniciales + cada clic de construcción. Líneas = muros · curvas = relieve. ◆ oro · ⬟ piedra · ● bayas · ✦ reliquia · ◌ hueco del cierre
Tu base· ✓ Cerrada en 22:07 · 64t muro · 1 puerta(s)
Base de xingxing· ✓ Cerrada en 23:07 · 60t muro · 1 puerta(s)
Terreno inicial suavizado · ◌ = hueco del cierre detectado · pasá el cursor para detalles
Inputs por minuto
— Hackali - - xingxing
Build order — Hackali
Primeras 150 de 740 acciones detectadas
| 0:00 | Investigar | Loom |
| 0:02 | Construir | House |
| 0:04 | Construir | House |
| 0:19 | Crear | Villager (Male) |
| 0:24 | Crear | Villager (Male) |
| 0:25 | Crear | Villager (Male) |
| 1:26 | Crear | Villager (Male) |
| 1:51 | Crear | Villager (Male) |
| 1:51 | Crear | Villager (Male) |
| 2:20 | Crear | Villager (Male) |
| 2:20 | Crear | Villager (Male) |
| 2:36 | Crear | Villager (Male) |
| 2:36 | Crear | Villager (Male) |
| 2:40 | Construir | Lumber Camp |
| 3:03 | Crear | Villager (Male) |
| 3:04 | Crear | Villager (Male) |
| 3:04 | Crear | Villager (Male) |
| 3:24 | Construir | House |
| 3:37 | Crear | Villager (Male) |
| 3:38 | Crear | Villager (Male) |
| 3:41 | Crear | Villager (Male) |
| 3:41 | Crear | Villager (Male) |
| 4:06 | Construir | Palisade Wall |
| 4:24 | Crear | Villager (Male) |
| 4:24 | Crear | Villager (Male) |
| 4:24 | Crear | Villager (Male) |
| 4:45 | Crear | Villager (Male) |
| 4:46 | Crear | Villager (Male) |
| 5:04 | Crear | Villager (Male) |
| 5:04 | Crear | Villager (Male) |
| 5:07 | Construir | Mill |
| 6:17 | Construir | Palisade Wall |
| 6:28 | Construir | Palisade Wall |
| 6:39 | Construir | Palisade Wall |
| 6:42 | Construir | Palisade Wall |
| 6:46 | Crear | Villager (Male) |
| 6:47 | Crear | Villager (Male) |
| 6:50 | Construir | Palisade Gate |
| 7:07 | Construir | House |
| 7:38 | Investigar | Feudal Age |
| 8:18 | Crear | Villager (Male) |
| 8:23 | Construir | Barracks |
| 8:44 | Construir | Palisade Wall |
| 9:05 | Construir | Mining Camp |
| 9:48 | Edad | Edad Feudal |
| 9:58 | Construir | Archery Range |
| 10:06 | Crear | Villager (Male) |
| 10:08 | Investigar | Double-Bit Axe |
| 10:16 | Crear | Villager (Male) |
| 10:47 | Crear | Villager (Male) |
| 10:54 | Crear | Archer |
| 11:07 | Construir | Archery Range |
| 11:11 | Crear | Villager (Male) |
| 11:22 | Crear | Archer |
| 11:32 | Construir | House |
| 11:38 | Crear | Archer |
| 11:42 | Construir | House |
| 12:01 | Crear | Villager (Male) |
| 12:06 | Crear | Archer |
| 12:07 | Crear | Villager (Male) |
| 12:12 | Crear | Archer |
| 12:13 | Crear | Archer |
| 12:20 | Construir | House |
| 12:42 | Crear | Villager (Male) |
| 12:46 | Construir | Blacksmith |
| 12:52 | Crear | Archer |
| 12:52 | Crear | Archer |
| 12:55 | Crear | Villager (Male) |
| 12:58 | Crear | Villager (Male) |
| 13:07 | Crear | Archer |
| 13:15 | Crear | Villager (Male) |
| 13:18 | Construir | Farm |
| 13:25 | Construir | Farm |
| 13:32 | Investigar | Fletching |
| 13:32 | Investigar | Fletching |
| 13:33 | Investigar | Fletching |
| 13:35 | Construir | House |
| 13:51 | Construir | House |
| 13:59 | Crear | Archer |
| 13:59 | Crear | Archer |
| 14:00 | Crear | Villager (Male) |
| 14:00 | Crear | Villager (Male) |
| 14:21 | Crear | Archer |
| 14:24 | Construir | Mill |
| 14:27 | Crear | Villager (Male) |
| 14:27 | Crear | Villager (Male) |
| 14:39 | Crear | Archer |
| 14:39 | Crear | Archer |
| 14:42 | Crear | Villager (Male) |
| 14:44 | Construir | House |
| 14:46 | Construir | Farm |
| 15:01 | Crear | Archer |
| 15:06 | Construir | Farm |
| 15:11 | Crear | Archer |
| 15:13 | Construir | House |
| 15:22 | Construir | Farm |
| 15:28 | Crear | Archer |
| 15:36 | Construir | Farm |
| 15:41 | Crear | Archer |
| 15:41 | Crear | Archer |
| 15:53 | Crear | Eagle Scout |
| 15:54 | Crear | Eagle Scout |
| 16:00 | Crear | Villager (Male) |
| 16:01 | Construir | Farm |
| 16:03 | Construir | Farm |
| 16:06 | Investigar | Wheelbarrow |
| 16:06 | Investigar | Wheelbarrow |
| 16:13 | Construir | House |
| 16:19 | Construir | Farm |
| 16:32 | Construir | Farm |
| 16:33 | Crear | Villager (Male) |
| 16:49 | Crear | Eagle Scout |
| 17:02 | Construir | House |
| 17:08 | Construir | Farm |
| 17:10 | Construir | Farm |
| 17:25 | Crear | Archer |
| 17:25 | Crear | Archer |
| 17:27 | Crear | Archer |
| 17:34 | Construir | Farm |
| 17:35 | Construir | Farm |
| 18:06 | Crear | Villager (Male) |
| 18:31 | Construir | Market |
| 18:38 | Construir | Market |
| 18:44 | Investigar | Town Watch |
| 18:45 | Investigar | Town Watch |
| 18:56 | Crear | Archer |
| 18:56 | Crear | Archer |
| 18:58 | Crear | Archer |
| 19:06 | Construir | House |
| 19:27 | Investigar | Castle Age |
| 19:29 | Crear | Archer |
| 19:29 | Crear | Archer |
| 19:29 | Crear | Archer |
| 19:47 | Crear | Archer |
| 20:00 | Construir | House |
| 20:11 | Crear | Eagle Scout |
| 20:13 | Investigar | Gold Mining |
| 20:15 | Investigar | Horse Collar |
| 20:19 | Crear | Archer |
| 20:20 | Crear | Archer |
| 20:31 | Crear | Archer |
| 20:32 | Crear | Archer |
| 20:41 | Crear | Villager (Male) |
| 20:46 | Construir | House |
| 20:50 | Investigar | Padded Archer Armor |
| 20:50 | Investigar | Padded Archer Armor |
| 21:12 | Construir | House |
| 21:13 | Construir | Palisade Wall |
| 21:17 | Construir | House |
| 21:29 | Construir | House |
Build order — xingxing
Primeras 150 de 571 acciones detectadas
| 0:01 | Crear | Villager (Male) |
| 0:01 | Crear | Villager (Male) |
| 0:02 | Crear | Villager (Male) |
| 0:02 | Crear | Villager (Male) |
| 0:05 | Construir | House |
| 0:06 | Construir | House |
| 1:27 | Crear | Villager (Male) |
| 1:50 | Crear | Villager (Male) |
| 2:19 | Construir | Lumber Camp |
| 2:22 | Crear | Villager (Male) |
| 2:22 | Crear | Villager (Male) |
| 2:52 | Crear | Villager (Male) |
| 3:01 | Crear | Villager (Male) |
| 3:12 | Construir | House |
| 3:32 | Crear | Villager (Male) |
| 3:53 | Crear | Villager (Male) |
| 4:26 | Crear | Villager (Male) |
| 4:26 | Crear | Villager (Male) |
| 4:47 | Crear | Villager (Male) |
| 5:13 | Crear | Villager (Male) |
| 5:15 | Construir | Barracks |
| 5:27 | Investigar | Loom |
| 5:43 | Construir | House |
| 6:00 | Crear | Villager (Male) |
| 6:15 | Construir | Palisade Wall |
| 6:19 | Crear | Villager (Male) |
| 6:43 | Crear | Militia |
| 6:43 | Crear | Militia |
| 6:53 | Crear | Villager (Male) |
| 6:55 | Construir | Mill |
| 7:02 | Crear | Militia |
| 7:08 | Crear | Villager (Male) |
| 7:25 | Construir | House |
| 7:29 | Crear | Villager (Male) |
| 7:48 | Construir | House |
| 8:06 | Crear | Villager (Male) |
| 8:25 | Crear | Villager (Male) |
| 8:50 | Construir | Lumber Camp |
| 9:08 | Investigar | Feudal Age |
| 9:21 | Construir | Mining Camp |
| 10:52 | Crear | Militia |
| 11:21 | Crear | Villager (Male) |
| 11:21 | Edad | Edad Feudal |
| 11:24 | Crear | Villager (Male) |
| 11:25 | Investigar | Man-at-Arms (upgrade) |
| 11:26 | Investigar | Double-Bit Axe |
| 11:29 | Construir | Archery Range |
| 11:39 | Construir | Blacksmith |
| 11:49 | Crear | Villager (Male) |
| 11:51 | Construir | Mining Camp |
| 12:10 | Construir | House |
| 12:14 | Crear | Archer |
| 12:22 | Crear | Villager (Male) |
| 12:27 | Construir | Farm |
| 12:45 | Crear | Archer |
| 12:47 | Crear | Villager (Male) |
| 12:50 | Construir | Farm |
| 13:06 | Crear | Villager (Male) |
| 13:10 | Construir | House |
| 13:21 | Construir | Farm |
| 13:30 | Construir | Stone Wall |
| 13:35 | Investigar | Fletching |
| 13:42 | Crear | Skirmisher |
| 13:43 | Crear | Skirmisher |
| 13:49 | Construir | Gate |
| 13:55 | Crear | Villager (Male) |
| 13:55 | Crear | Villager (Male) |
| 13:57 | Construir | Farm |
| 13:59 | Construir | Farm |
| 14:10 | Construir | House |
| 14:12 | Construir | House |
| 14:14 | Construir | House |
| 14:24 | Crear | Skirmisher |
| 14:26 | Investigar | Padded Archer Armor |
| 14:45 | Crear | Skirmisher |
| 14:50 | Crear | Villager (Male) |
| 14:50 | Crear | Villager (Male) |
| 15:09 | Crear | Villager (Male) |
| 15:13 | Crear | Skirmisher |
| 15:31 | Construir | Palisade Wall |
| 15:37 | Crear | Skirmisher |
| 15:39 | Crear | Villager (Male) |
| 15:40 | Crear | Villager (Male) |
| 15:42 | Construir | Farm |
| 15:56 | Crear | Skirmisher |
| 16:34 | Crear | Skirmisher |
| 16:35 | Crear | Villager (Male) |
| 16:37 | Construir | Farm |
| 16:38 | Construir | Farm |
| 16:40 | Construir | Farm |
| 16:41 | Construir | Farm |
| 16:51 | Crear | Skirmisher |
| 16:59 | Construir | Stone Wall |
| 17:07 | Crear | Villager (Male) |
| 17:07 | Crear | Villager (Male) |
| 17:12 | Construir | House |
| 17:27 | Crear | Villager (Male) |
| 17:30 | Construir | Market |
| 17:38 | Construir | Stone Wall |
| 17:39 | Crear | Villager (Male) |
| 17:45 | Construir | Farm |
| 18:09 | Investigar | Horse Collar |
| 18:10 | Crear | Villager (Male) |
| 18:19 | Crear | Archer |
| 18:19 | Crear | Archer |
| 18:34 | Crear | Villager (Male) |
| 18:56 | Construir | Farm |
| 18:59 | Construir | House |
| 19:10 | Crear | Villager (Male) |
| 19:16 | Construir | Farm |
| 19:18 | Construir | Farm |
| 19:34 | Crear | Villager (Male) |
| 19:45 | Construir | Stone Wall |
| 20:08 | Construir | Farm |
| 20:15 | Construir | Lumber Camp |
| 20:27 | Investigar | Castle Age |
| 20:27 | Investigar | Castle Age |
| 20:28 | Crear | Skirmisher |
| 20:47 | Investigar | Gold Mining |
| 20:48 | Investigar | Gold Mining |
| 21:00 | Crear | Skirmisher |
| 21:16 | Crear | Skirmisher |
| 21:46 | Investigar | Stone Mining |
| 22:46 | Construir | House |
| 23:07 | Edad | Edad de los Castillos |
| 23:10 | Construir | Castle |
| 23:12 | Investigar | Elite Skirmisher (upgrade) |
| 23:13 | Investigar | Bodkin Arrow |
| 23:14 | Investigar | Bow Saw |
| 23:16 | Crear | Villager (Male) |
| 23:16 | Crear | Villager (Male) |
| 23:19 | Investigar | Leather Archer Armor |
| 24:04 | Crear | Skirmisher |
| 24:04 | Crear | Skirmisher |
| 24:11 | Crear | Villager (Male) |
| 24:11 | Crear | Villager (Male) |
| 24:13 | Construir | University |
| 24:23 | Crear | Mangudai |
| 24:24 | Crear | Mangudai |
| 24:41 | Crear | Skirmisher |
| 24:59 | Crear | Mangudai |
| 24:59 | Crear | Mangudai |
| 25:11 | Crear | Villager (Male) |
| 25:11 | Crear | Villager (Male) |
| 25:17 | Investigar | Ballistics |
| 25:31 | Crear | Villager (Male) |
| 25:43 | Crear | Mangudai |
| 26:00 | Construir | Town Center |
| 26:47 | Crear | Mangudai |
| 26:48 | Crear | Skirmisher |
Cronología de la partida
| 4:06 | Hackali · wall_segment Palisade Wall x14 |
| 5:15 | xingxing · first_building Barracks |
| 6:15 | xingxing · wall_segment Palisade Wall x5 |
| 6:17 | Hackali · wall_segment Palisade Wall x8 |
| 6:28 | Hackali · wall_segment Palisade Wall x10 |
| 6:39 | Hackali · wall_segment Palisade Wall x18 |
| 6:42 | Hackali · wall_segment Palisade Wall x10 |
| 8:23 | Hackali · first_building Barracks |
| 8:44 | Hackali · wall_segment Palisade Wall x4 |
| 9:48 | Hackali · age_up feudal |
| 9:58 | Hackali · first_building Archery Range |
| 11:21 | xingxing · age_up feudal |
| 11:29 | xingxing · first_building Archery Range |
| 13:30 | xingxing · wall_segment Stone Wall x17 |
| 15:31 | xingxing · wall_segment Palisade Wall x13 |
| 16:59 | xingxing · wall_segment Stone Wall x11 |
| 17:38 | xingxing · wall_segment Stone Wall x7 |
| 18:43 | xingxing · first_market_buy 100 food |
| 19:45 | xingxing · wall_segment Stone Wall x8 |
| 20:05 | xingxing · first_market_sell 100 stone |
| 21:13 | Hackali · wall_segment Palisade Wall x1 |
| 22:07 | Hackali · age_up castle |
| 22:39 | Hackali · first_market_buy 100 food |
| 23:07 | xingxing · age_up castle |
| 23:10 | xingxing · first_building Castle |
| 25:45 | Hackali · first_building Siege Workshop |
| 29:08 | Hackali · first_market_sell 100 food |
| 29:15 | xingxing · first_building Siege Workshop |
| 30:38 | xingxing · first_building Stable |
| 34:24 | Hackali · first_building Castle |
| 39:48 | Hackali · first_building Monastery |
| 40:12 | xingxing · age_up imperial |
| 40:42 | Hackali · age_up imperial |
| 41:41 | Hackali · wall_segment Stone Wall x4 |
| 41:41 | Hackali · wall_segment Stone Wall x3 |
| 41:42 | Hackali · wall_segment Stone Wall x1 |
| 41:42 | Hackali · wall_segment Stone Wall x2 |
| 41:42 | Hackali · wall_segment Stone Wall x2 |
| 41:43 | Hackali · wall_segment Stone Wall x1 |
| 41:43 | Hackali · wall_segment Stone Wall x1 |
| 42:16 | xingxing · first_building Monastery |
| 48:31 | Hackali · wall_segment Stone Wall x15 |
| 52:42 | Hackali · resign |
[ ANÁLISIS IA · 1 CRÉDITO ]
¿Qué pasó realmente en esta partida?
Wolo.gg analiza cada decisión: build order, eco, micro, errores típicos por bracket. Análisis personalizado por WhatsApp o Discord en 30 segundos.
Guía civ
Maya
Perfil
Hackali